 Dungeon Crawl Stone Soup version 0.31-a0-190-g4feb4907b2 (webtiles) character file.

Game seed: 12473311336194111219

23 qw the Shooter (level 2, -11/16 HPs)
             Began as a Deep Elf Hunter on June 23, 2023.
             Mangled by a gnoll
             ... wielding a +0 flail
              (14 damage)
             ... on level 1 of the Dungeon.
             The game lasted 00:00:15 (746 turns).

qw the Shooter (Deep Elf Hunter)                     Turns: 746, Time: 00:00:15

Health: -11/16     AC:  3    Str:  8    XL:     2   Next: 75%
Magic:  4/4        EV: 12    Int: 13    God:
Gold:   18         SH:  0    Dex: 18    Spells: 1/1 levels left

rFire   . . .        Y - +2 shortbow
rCold   . . .        (shield currently unavailable)
rNeg    . . .        c - +0 leather armour
rPois   .            (no helmet)
rElec   .            (no cloak)
rCorr   .            (no gloves)
SInv    .            (no boots)
Will    .....        (no amulet)
Stlth   ++           (no ring)
HPRegen 0.22/turn    (no ring)
MPRegen 0.09/turn

%: no passive effects
@: no status effects
A: no striking features
a: no special abilities


You were on level 1 of the Dungeon.
You visited 1 branch of the dungeon, and saw 2 of its levels.

You collected 18 gold pieces.


   Skills:
 - Level 1.5 Fighting
 + Level 6.5 Ranged Weapons
 - Level 2.4 Dodging
 - Level 1.2 Stealth


You had one spell level left.
You didn't know any spells.
Your spell library was empty.

Inventory:

Hand Weapons
 Y - a +2 shortbow (weapon)
Armour
 c - a +0 leather armour (worn)
Potions
 e - a potion of haste {unknown}

Dungeon Overview and Level Annotations

Branches:
Dungeon (2/15)

Altars:

Shops:
D:2 (


Message History

The gnoll shouts!
The arrow hits the bat.
The bat is severely wounded.
The bat hits you.
You shoot an arrow. The arrow misses the bat.
The bat misses you.
A gnoll comes into view. It is wielding a +0 flail.
You shoot an arrow. The gnoll shouts!
The arrow hits the bat!
You kill the bat!
You shoot an arrow. The arrow barely misses the gnoll. x2
The arrow hits the gnoll!
The gnoll is almost dead.
The gnoll throws a throwing net.
The throwing net barely misses you.
You shoot an arrow. The arrow hits the gnoll!
The gnoll is severely wounded.
The gnoll hits you from afar with a +0 spear.
728 ||| STAIRDANCE You climb upwards.
There is a stone staircase leading down here.
You start resting.
HP restored.
Done exploring.
(D) Dungeon
Where to? (* - list waypoints, Enter - D:2, ? - help)
What level of the Dungeon? (default 1, ? - help)
You climb downwards.
The gnoll hits you with a +0 flail. The gnoll closely misses you.
There is a stone staircase leading up, spattered with blood here.
744 ||| STAIRDANCE The gnoll hits you with a +0 flail!
Ouch! That really hurt!
You climb upwards.
There is a stone staircase leading down here.
You shoot an arrow. The arrow hits the gnoll.
The gnoll is almost dead.
The gnoll hits you with a +0 flail!
Ouch! That really hurt!
You die...

### ### ### #.#
####.#########
##.#####.#####.##.#.......#
.#.............##..######.#
.#.############g.### #.#
.............##.@#### #.#
.#.#...........##g..# #.#
.#.#.#.......#.##.#.# #.#
.#.#...###......##..# #.#
...........##......######.#
.#.......................!#
...........(.......########
..........................#
..##.#.............######.#


You could see 2 gnolls.

Vanquished Creatures
  A worm (D:1)
  A dart slug (D:1)
  3 ball pythons (D:1)
  2 endoplasms (D:1)
  A giant cockroach (D:1)
  4 goblins (D:1)
  2 bats
  2 kobolds (D:1)
  A rat (D:1)
17 creatures vanquished.

Notes
Turn   | Place    | Note
-------+----------+-------------------------------------------
     0 | D:1      | qw the Deep Elf Hunter began the quest for the Orb.
     0 | D:1      | Reached XP level 1. HP: 12/12 MP: 3/3
     0 | D:1      | 0 ||| qw: Version: 0.3-a-9-g12657ce
     0 | D:1      | 0 ||| qw: Game counter: 4536
     0 | D:1      | 0 ||| qw: Always use a shield: true
     0 | D:1      | 0 ||| qw: God list: Okawaru
     0 | D:1      | 0 ||| qw: Allow faded altars: false
     0 | D:1      | 0 ||| qw: Do Orc after D:15 true
     0 | D:1      | 0 ||| qw: Do second Lair branch before Depths: true
     0 | D:1      | 0 ||| qw: Lair rune preference: random
     0 | D:1      | 0 ||| qw: Plans: Normal
     0 | D:1      | 0 ||| PLANNING D:1-11
   143 | D:1      | Reached skill level 6 in Ranged Weapons
   143 | D:1      | Reached XP level 2. HP: 16/16 MP: 4/4
   199 | D:1      | 199 ||| FLEEEEING.
   630 | D:1      | 630 ||| DROPPING ring of wizardry.
   631 | D:1      | 631 ||| READING 2 scrolls labelled POC OZUTSE.
   632 | D:1      | 632 ||| READING scroll of enchant weapon.
   632 | D:1      | 632 ||| ENCHANTING +1 shortbow.
   633 | D:1      | 633 ||| READING scroll labelled FONYVO ICZAIFA.
   634 | D:1      | 634 ||| DRINKING 2 white potions.
   635 | D:1      | 635 ||| DROPPING scroll of butterflies.
   636 | D:1      | 636 ||| DROPPING potion of brilliance.
   649 | D:2      | Found Toadyadgh's Weapon Shop.
   655 | D:2      | 655 ||| STAIRDANCE
   658 | D:1      | HP: 2/16 [worm (3)]
   728 | D:2      | 728 ||| STAIRDANCE
   744 | D:2      | 744 ||| STAIRDANCE
   744 | D:2      | HP: 2/16 [gnoll/+0 flail (8)]
   746 | D:1      | Mangled by a gnoll

Levels and vault maps discovered:
D:1:      psy_arrival_dodecagon, layout_basic, chequers_serial_rivers_large_b,
          st_stairs_7
D:2:      layout_rooms, serial_shops, shop,
          hellmonk_ecumenical_altar_pennies_from_heaven

Skill      XL: |  1 |
---------------+----+-----
Ranged Weapons | 6 |  6.5
Fighting       | |  1.5
Dodging        | |  2.4
Stealth        | |  1.2

Action                     || total
---------------------------++-------
   Fire: Shortbow          ||    48
    Use: Scroll            ||     3
         Potion            ||     1
 Armour: Leather armour    ||     1
  Dodge: Dodged            ||    15

Table legend:
 A = Non-vault XP
 B = Vault XP
 C = Vault XP percentage of total XP
 D = Non-vault monster count
 E = Vault monster count
 F = Vault count percentage of total count
                 A         B        C        D         E       F
            +---------+---------+-------+---------+---------+-------
      Total |      32 |       2 |   5.9 |      16 |       1 |   5.9
            +---------+---------+-------+---------+---------+-------
        D:1 |      31 |       2 |   6.1 |      15 |       1 |   6.2
        D:2 |       1 |       0 |   0.0 |       1 |       0 |   0.0
            +---------+---------+-------+---------+---------+-------
